 Seeded DCSS version 0.27-a0-562-g0d39f094a4 (webtiles) character file.

Game seed: 16989952797484863983 (custom seed)

15834 karrick the Protected (level 12, -1/106 HPs)
             Began as a Minotaur Fighter on Mar 8, 2021.
             Was the Champion of Okawaru.
             Slain by a slime creature (13 damage)
             ... on level 12 of the Dungeon.
             The game lasted 00:19:48 (12893 turns).

karrick the Protected (Minotaur Fighter)           Turns: 12893, Time: 00:19:48

Health: -1/106     AC: 24    Str: 21    XL:     12   Next: 4%
Magic:  11/11      EV:  4    Int:  6    God:    Okawaru [******]
Gold:   650        SH: 13    Dex: 20    Spells: 11/11 levels left

rFire    + + .     SeeInvis .   q - +5 hand axe
rCold    + . .     Faith    .   c - +0 kite shield
rNeg     . . .     Spirit   .   g - +0 gold dragon scales
rPois    +         Reflect  .   (helmet restricted)
rElec    .         Harm     .   f - +0 cloak
rCorr    .         Rampage  .   C - +0 pair of gloves
Will     .....                  U - +0 pair of boots
Stlth    ..........             (no amulet)
HPRegen  0.27/turn              n - ring of protection from fire
MPRegen  0.12/turn              p - +6 ring of dexterity

@: no status effects
A: horns 2, retaliatory headbutt
a: Renounce Religion, Heroism, Finesse


You were on level 12 of the Dungeon.
You worshipped Okawaru.
Okawaru was exalted by your worship.
You visited 2 branches of the dungeon, and saw 14 of its levels.

You collected 650 gold pieces.

Inventory:

Hand Weapons
 a - a +0 war axe
 q - a +5 hand axe (weapon)
 L - a +2 vorpal flail
 N - a +3 flail of freezing
 R - the +6 dagger of Sloth {vorpal, *Drain +Fly rElec Int-3}
   (You found it on level 10 of the Dungeon)

   It inflicts extra damage upon your enemies.
   It affects your intelligence (-3).
   It insulates you from electricity.
   It lets you fly.
   It causes draining when unequipped.
 T - a +0 scimitar of flaming
 W - the +0 broad axe of the Manifold Invaders {protect, rF+ rC+}
   (Okawaru gifted it to you on level 12 of the Dungeon)

   It grants its wielder temporary protection when it strikes (+7 to AC).
   It protects you from fire.
   It protects you from cold.
Armour
 b - a +0 scale mail
 c - a +0 kite shield (worn)
 f - a +0 cloak (worn)
 g - +0 gold dragon scales (worn)
 C - a +0 pair of gloves (worn)
 G - a scarf of invisibility
 U - a +0 pair of boots (worn)
 V - +0 shadow dragon scales
Jewellery
 n - a ring of protection from fire (left hand)
 p - a +6 ring of dexterity (right hand)
 B - a ring of flight
 D - a ring of magical power
 K - a +6 ring of dexterity
 O - an amulet of reflection
 P - a ring of see invisible
 Q - a ring of magical power
 X - a ring of poison resistance
Wands
 u - a wand of mindburst (5)
 x - a wand of flame (20)
 I - a wand of random effects (42)
 J - a wand of charming (9)
 M - a wand of paralysis (20)
Scrolls
 e - 4 scrolls of enchant weapon {unknown}
 j - 2 scrolls of immolation {unknown}
 k - 8 scrolls of identify {unknown}
 l - a scroll of fog {unknown}
 r - 5 scrolls of teleportation
 s - 4 scrolls of enchant armour {unknown}
 t - 2 scrolls of blinking {unknown}
 y - a scroll of magic mapping {unknown}
 E - 2 scrolls of random uselessness {unknown}
 H - a scroll of amnesia {unknown}
 S - a scroll of fear {unknown}
Potions
 d - 3 potions of might
 h - a potion of cancellation {unknown}
 i - 2 potions of attraction {unknown}
 m - 2 potions of mutation {unknown}
 o - 5 potions of curing {unknown}
 v - 3 potions of flight {unknown}
 w - 2 potions of heal wounds {unknown}
 z - 4 potions of brilliance {unknown}
 A - a potion of degeneration {unknown}
 F - 2 potions of berserk rage {unknown}


   Skills:
 + Level 9.9 Fighting
 + Level 13.1(13.2) Axes
 + Level 1.9(8.9) Maces & Flails
 * Level 13.5 Armour
 + Level 1.3 Dodging
 + Level 0.1 Stealth
 + Level 10.8 Shields
 + Level 0.2 Unarmed Combat
 + Level 0.1 Invocations


You had 11 spell levels left.
You didn't know any spells.
Your spell library contained the following spells:

 Spells                   Type           Power      Damage    Failure   Level
 Animate Skeleton         Necr           0%         N/A       100%        1
 Apportation              Tloc           0%         N/A       100%        1
 Corona                   Hex            0%         N/A       100%        1
 Magic Dart               Conj           0%         1d3       100%        1
 Summon Small Mammal      Summ           0%         N/A       100%        1
 Blink                    Tloc           N/A        N/A       100%        2
 Call Imp                 Summ           0%         N/A       100%        2
 Ensorcelled Hibernation  Hex/Ice        0%         N/A       100%        2
 Slow                     Hex            0%         N/A       100%        2
 Confusing Touch          Hex            0%         N/A       100%        3
 Conjure Flame            Conj/Fire      0%         6-21      100%        3
 Dazzling Flash           Conj/Hex       0%         N/A       100%        3
 Mephitic Cloud           Conj/Pois/Air  0%         N/A       100%        3
 Tukima's Dance           Hex            0%         N/A       100%        3


Dungeon Overview and Level Annotations

Branches:
Dungeon (13/15)            Temple (1/1) D:7            Lair (0/6) D:10
    Orc (0/2) D:10
 Vaults: D:13-14

Altars:
Ashenzari
Cheibriados
Dithmenos
Elyvilon
Fedhas
Gozag
Hepliaklqana
Kikubaaqudgha
Makhleb
Nemelex Xobeh
Okawaru
Qazlal
Ru
Sif Muna
Trog
Uskayaw
Vehumet
Wu Jian
Xom
Yredelemnul
Zin
The Shining One

Shops:
D:6 :   D:11 !   D:12 [


Innate Abilities, Weirdness & Mutations

You have a pair of horns on your head.
You reflexively headbutt those who attack you in melee.


Message History

The hound is heavily wounded.
You hit the slime creature. You slash the slime creature!
You hit the slime creature but do no damage.
You block the hound's attack. The slime creature hits you.
The slime creature hits you!
You hit the hound.
The hound is heavily wounded.
You slash the slime creature! You hit the slime creature. x2
The hound bites you but does no damage. You block the slime creature's attack.
The slime creature hits you but does no damage.
You block the slime creature's attack.
Unknown command.
You barely miss the slime creature. You headbutt the slime creature!
The slime creature is almost dead.
You hit the slime creature. x2; You hit the hound.
The hound bites you but does no damage. The slime creature hits you.
Your gold dragon scales prevents you from hitting the slime creature.
You headbutt the slime creature.
The slime creature is almost dead.
You hit the slime creature. x2
Your gold dragon scales prevents you from hitting the hound.
You block the hound's attack. The slime creature hits you.
You block the slime creature's attack. The slime creature hits you!
* * * LOW HITPOINT WARNING * * *
The hound barely misses you.
You hit the slime creature.
You kill the slime creature!
Okawaru accepts your kill.
You hit the slime creature. x2; You hit the hound.
You block the slime creature's attack. The hound bites you but does no damage.
The slime creature hits you!
* * * LOW HITPOINT WARNING * * *
You hit the hound.
You kill the hound!
Okawaru accepts your kill.
You slash the slime creature!
You kill the slime creature!
Okawaru accepts your kill.
You hit the slime creature. The slime creature hits you!
You die...

#........<#####....##
#.......
#.......#...........#
#.......
#.......#...........#
#.......
#.##.#####..........#
##...... #.##.#
#..........# ##.....
#..#.# #..........#
###### ###.#.#
#.........^# #.....#
#..........# ###
#.<...# #..J@......#
#####.. #.....##
#........(.####...>.#
#.(....#
######.#####....####.
#......#
##≈.≈####.#### #.
#####..# #≈≈.≈≈##..#
#. #..# #≈≈∩≈≈#..##
###. #..# #≈≈≈≈≈..##
##... #..#
##≈≈≈.########..##
###)[####
##...##....##.##


You could see a slime creature.

Vanquished Creatures
  A boulder beetle (D:12)
  Erolcha (D:9)
  A hydra (D:9)
  2 two-headed ogres
  2 unseen horrors (D:11)
  2 centaur zombies (D:13)
  A centaur skeleton (D:10)
  An efreet (D:11)
  5 trolls
  Prince Ribbit (D:7)
  2 slime creatures (D:12)
  Sigmund (D:5)
  A shadow (D:9)
  14 yaks
  Eustachio (D:4)
  A soldier ant (D:12)
  2 two-headed ogre zombies (D:10)
  6 ice beasts
  3 orc warriors
  7 sky beasts
  An eye of draining (D:13)
  8 ogres
  2 necrophages
  5 wolves (D:10)
  7 centaurs
  4 phantoms
  A kobold brigand (D:11)
  A wyvern zombie (D:12)
  2 bullfrogs
  A troll zombie (D:10)
  2 scorpions
  3 electric eels (D:10)
  6 wights (D:9)
  5 howler monkeys
  12 hounds
  A quasit (D:8)
  6 orc priests
  5 jellies
  Jessica (D:2)
  An iguana (D:8)
  9 orc wizards
  Natasha (D:2)
  6 worker ants
  5 ogre zombies (D:10)
  A howler monkey zombie (D:7)
  Robin (D:2)
  13 adders
  8 river rats (D:5)
  3 shadow imps
  A white imp (D:10)
  3 ufetubi
  An ooze (D:3)
  3 worms
  An adder skeleton (D:4)
  3 dart slugs
  3 leopard geckos
  26 orcs
  3 giant cockroaches
  14 goblins
  7 hobgoblins
  11 jackals
  10 quokkas
  A ball python skeleton (D:4)
  4 bats
  2 frilled lizards (D:1)
  A goblin skeleton (D:10)
  A goblin zombie (D:10)
  A hobgoblin skeleton (D:10)
  2 hobgoblin zombies (D:10)
  A jackal skeleton (D:4)
  10 kobolds
  2 orc skeletons (D:10)
  18 orc zombies (D:10)
  22 rats
327 creatures vanquished.

Notes
Turn   | Place    | Note
-------+----------+-------------------------------------------
     0 | D:1      | karrick the Minotaur Fighter began the quest for the Orb.
     0 | D:1      | Reached XP level 1. HP: 19/19 MP: 0/0
   342 | D:1      | Reached XP level 2. HP: 27/27 MP: 1/1
   846 | D:1      | Found a sparkling altar of Nemelex Xobeh.
  1100 | D:2      | Noticed Jessica
  1100 | D:2      | Noticed Robin
  1104 | D:2      | Reached XP level 3. HP: 31/33 MP: 2/2
  1110 | D:2      | Reached skill level 1 in Dodging
  1118 | D:2      | Killed Robin
  1119 | D:2      | Killed Jessica
  1120 | D:2      | Reached XP level 4. HP: 8/40 MP: 3/3
  1602 | D:2      | Found a faded altar of an unknown god.
  1805 | D:2      | Noticed Natasha
  1813 | D:2      | Killed Natasha
  1971 | D:2      | Reached XP level 5. HP: 46/46 MP: 4/4
  2347 | D:3      | Reached skill level 5 in Armour
  3034 | D:4      | Noticed Eustachio
  3048 | D:4      | Killed Eustachio
  3049 | D:4      | Reached skill level 5 in Axes
  3049 | D:4      | Reached XP level 6. HP: 50/53 MP: 5/5
  3354 | D:5      | Entered Level 5 of the Dungeon
  3361 | D:5      | Noticed Sigmund
  3384 | D:5      | Killed Sigmund
  3385 | D:5      | Reached skill level 5 in Shields
  3385 | D:5      | Reached XP level 7. HP: 50/60 MP: 6/6
  3569 | D:5      | Found a shimmering altar of Xom.
  3615 | D:5      | Reached skill level 5 in Fighting
  4066 | D:5      | Reached XP level 8. HP: 58/68 MP: 7/7
  4139 | D:5      | Found a shadowy altar of Dithmenos.
  4507 | D:5      | Found a glowing silver altar of Zin.
  4660 | D:6      | Found Bolemuum's Book Emporium.
  4787 | D:6      | Found a stormy altar of Qazlal.
  4851 | D:6      | Found an ornate altar of the Wu Jian Council.
  5109 | D:6      | Found a hazy altar of Hepliaklqana.
  5608 | D:7      | Found a staircase to the Ecumenical Temple.
  5622 | Temple   | Entered the Ecumenical Temple
  5886 | Temple   | Became a worshipper of Warmaster Okawaru
  6014 | D:7      | Reached XP level 9. HP: 63/75 MP: 8/8
  6131 | D:7      | Noticed Prince Ribbit
  6246 | D:7      | Killed Prince Ribbit
  6394 | D:7      | You fall into a shaft and drop 2 floors!
  6477 | D:9      | Noticed a four-headed hydra
  6654 | D:9      | Noticed Erolcha
  6662 | D:9      | Killed Erolcha
  6662 | D:9      | Reached * piety under Okawaru
  6663 | D:9      | Reached skill level 10 in Armour
  6829 | D:8      | Reached ** piety under Okawaru
  6849 | D:7      | Found an opulent altar of Gozag.
  7099 | D:7      | Reached skill level 10 in Axes
  7578 | D:8      | Found a bloodstained altar of Trog.
  7696 | D:9      | Reached XP level 10. HP: 85/86 MP: 9/9
  8090 | D:9      | Reached *** piety under Okawaru
  8126 | D:9      | Killed a five-headed hydra
  8127 | D:9      | Reached skill level 1 in Maces & Flails
  8537 | D:10     | Entered Level 10 of the Dungeon
  8612 | D:9      | Reached **** piety under Okawaru
  8962 | D:10     | Found a staircase to the Orcish Mines.
  9312 | D:10     | Found a staircase to the Lair.
  9653 | D:10     | Identified the +6 dagger of Sloth {vorpal, *Drain +Fly
                  | rElec Int-3}
  9996 | D:10     | Noticed a two-headed ogre
 10004 | D:10     | Killed a two-headed ogre
 10005 | D:10     | Reached XP level 11. HP: 94/94 MP: 10/10
 10061 | D:11     | Reached ***** piety under Okawaru
 10111 | D:11     | Killed an unseen horror
 10157 | D:11     | Killed an unseen horror
 10660 | D:11     | Noticed a two-headed ogre
 10669 | D:11     | Killed a two-headed ogre
 10670 | D:11     | Reached skill level 10 in Shields
 10941 | D:11     | Found Rereohom's Distillery.
 11651 | D:12     | Found Bilim's Armour Emporium.
 11999 | D:12     | Noticed a boulder beetle
 12021 | D:12     | Reached ****** piety under Okawaru
 12028 | D:12     | Identified the +0 broad axe of the Manifold Invaders
                  | {protect, rF+ rC+} (Okawaru gifted it to you on level 12 of
                  | the Dungeon)
 12028 | D:12     | Received a gift from Okawaru
 12089 | D:12     | Killed a boulder beetle
 12519 | D:13     | Reached XP level 12. HP: 106/106 MP: 11/11
 12893 | D:12     | Slain by a slime creature

Illustrated notes

Levels and vault maps discovered:
D:1:      nzn_arrival_depleted_hourglass, layout_basic, serial_forest,
          infiniplex_forest_straight_2, infiniplex_forest_lined_room_2,
          infiniplex_forest_clump_medium, infiniplex_forest_end_2,
          infiniplex_forest_diagonal, infiniplex_forest_end_double,
          infiniplex_forest_join, infiniplex_forest_corner_2, roderic_lattice_a,
          nemelex_diamond_rough_becter
D:2:      layout_basic, chequers_ecumenical_altar_simple_redux, minivault_19,
          uniq_natasha, uniq_jessica, uniq_robin
D:3:      layout_loops_ring
D:4:      layout_rooms, uniq_eustachio
D:5:      lemuel_ratsnest, layout_cave_pools, nicolae_dithmenos_shadow_blocks,
          zin_statuary, lemuel_altar_in_water, uniq_sigmund
D:6:      layout_loops_ring, lemuel_round_altar, general_overflow_altar,
          nicolae_wu_jian_immortal_techniques, serial_shops, shop, minmay_holes,
          minmay_misc_feat_encased, kennysheep_potato
D:7:      layout_gridville, nicolae_overflow_hidden_temple,
          minmay_temple_entry_statues, uniq_prince_ribbit1
D:8:      layout_rooms, kennysheep_mini
D:9:      layout_stronghold, uniq_erolcha
D:10:     layout_roguey, erik_lair_island, zombieorc2_lemuel
D:11:     layout_rooms, serial_shops, nicolae_shop_window_shopping
D:12:     layout_rooms, serial_shops, nicolae_shop_waterfront, minmay_circle_x
D:13:     layout_loops_ring
Temple:   regret_index_temple_generic_petals

Skill      XL: |  1  2  3  4  5  6  7  8  9 10 11 |
---------------+----------------------------------+-----
Armour         | 4 5 6 7 8 10 12 13 | 13.5
Axes           | 3 5 6 8 10 11 13 | 13.1
Fighting       | 4 5 6 7 8 9 |  9.9
Dodging        | 1 |  1.3
Shields        | 4 5 6 8 9 10 | 10.8
Maces & Flails | 1 |  1.9
Stealth        | |  0.1
Unarmed Combat | |  0.2
Invocations    | |  0.1

Action                   |  1- 3 |  4- 6 |  7- 9 | 10-12 || total
-------------------------+-------+-------+-------+-------++-------
Melee: War axe           |    57 |    64 |       |       ||   121
       Headbutt          |    11 |    25 |    76 |   209 ||   321
       Unarmed           |       |     4 |       |       ||     4
       Hand axe          |       |    65 |   316 |   597 ||   978
       Flail             |       |       |       |     7 ||     7
Invok: Heroism           |       |       |       |     2 ||     2
  Use: Scroll            |       |       |     1 |       ||     1
Armor: Scale mail        |    20 |     6 |       |       ||    26
       Gold dragon scale |       |    74 |   183 |   320 ||   577
Dodge: Dodged            |    25 |     7 |    19 |    73 ||   124
Block: Kite shield       |    30 |    62 |   139 |   339 ||   570

Table legend: (Time is in decaauts)
 A = Elapsed time spent in this place.
 B = Non-inter-level travel time spent in this place.
 C = Inter-level travel time spent in this place.
 D = Time resting spent in this place.
 E = Time spent auto-exploring this place.
 F = Levels seen in this place.
 G = Mean time per level.
                   A        B        C        D        E       F      G
               +--------+--------+--------+--------+--------+-----+--------+
         Total |  12887 |  12507 |    380 |    564 |   9938 |  14 |  920.5 |
       Dungeon |  12606 |  12275 |    331 |    564 |   9709 |  13 |  969.7 |
        Temple |    280 |    231 |     49 |      0 |    229 |   1 |  280.0 |
               +--------+--------+--------+--------+--------+-----+--------+

Top non-repeatable levels by time:
     D:9: 1535 daAuts
    D:11: 1281 daAuts
     D:5: 1268 daAuts
    D:10: 1240 daAuts
     D:1: 1123 daAuts
     D:2: 1087 daAuts
    D:12: 1026 daAuts
     D:7: 986 daAuts
     D:6: 950 daAuts
     D:3: 738 daAuts
     D:4: 483 daAuts
     D:8: 442 daAuts
    D:13: 442 daAuts
  Temple: 280 daAuts
